 Dungeon Crawl Stone Soup version 0.17-a0-725-gfa8c127 (webtiles) character file.

1570 xeno23 the Chiller (level 8, -7/57 HPs)
             Began as a Merfolk Ice Elementalist on Apr 20, 2015.
             Was a Believer of Vehumet.
             Mangled by a killer bee (10 damage)
             ... on level 7 of the Dungeon.
             The game lasted 00:31:52 (7115 turns).

xeno23 the Chiller (Merfolk Ice Elementalist)       Turns: 7115, Time: 00:31:52

Health: -7/57      AC: 11    Str:  9    XL:     8   Next: 90%
Magic:  0/12       EV: 15    Int: 16    God:    Vehumet [**....]
Gold:   331        SH:  0    Dex: 18    Spells: 4 memorised, 1 level left

rFire  . . .     SeeInvis .     i - +0 trident
rCold  . . .     Clarity  .     a - +0 robe
rNeg   . . .     SustAb   .     (no shield)
rPois  +         Gourm    .     o - +1 helmet
rElec  .         Spirit   .     p - +0 cloak
rCorr  .         Warding  .     (no gloves)
rMut   +         Stasis   .     (no boots)
MR     .....                    v - amulet of resist mutation
Stlth  +++.......               y - ring of poison resistance (curse)
                                d - +4 ring of dexterity (curse)

@: icy armour (expiring), very slightly contaminated, not resistant to hostile
enchantments, fairly stealthy
A: change form in water, swift swim
a: Renounce Religion


You were on level 7 of the Dungeon.
You worshipped Vehumet.
Vehumet was pleased with you.
You were hungry.

You visited 1 branch of the dungeon, and saw 7 of its levels.

You collected 331 gold pieces.

Inventory:

Hand weapons
 i - a +0 trident (weapon)
 E - a +2 scythe of distortion
 G - a +1 shortbow of freezing
Armour
 a - a +0 robe (worn)
 l - a +0 shield
 o - a +1 helmet (worn)
 p - a +0 cloak (worn)
Jewellery
 d - a cursed +4 ring of dexterity (left hand)
 r - an uncursed ring of stealth {unknown}
 v - an amulet of resist mutation (around neck)
 y - a cursed ring of poison resistance (right hand)
Magical devices
 j - a wand of fireball (6)
 q - a wand of random effects (27)
 C - a wand of magic darts (34)
 F - a wand of magic darts (16)
Scrolls
 n - a scroll of remove curse
 H - a scroll of identify
Potions
 e - a potion of poison {unknown}
 g - 2 potions of curing
 h - 3 potions of restore abilities
 k - 2 potions of might {unknown}
 m - a potion of heal wounds
 s - a potion of magic {unknown}
 t - a potion of beneficial mutation {unknown}
 u - a potion of mutation {unknown}
 w - a potion of flight {unknown}
 z - a potion of invisibility {unknown}
 A - a potion of haste {unknown}
 B - a potion of brilliance {unknown}
 D - 2 potions of ambrosia {unknown}
Books
 b - a book of Frost

   Spells                             Type                      Level
   a - Freeze                         Ice                          1
   b - Throw Frost                    Conjuration/Ice              2
   c - Ozocubu's Armour               Charms/Ice                   3
   d - Throw Icicle                   Conjuration/Ice              4
   e - Summon Ice Beast               Ice/Summoning                4
   f - Condensation Shield            Ice                          4
Comestibles
 c - 4 bread rations
 f - a slice of pizza
 x - a beef jerky
 I - 2 chunks of flesh


   Skills:
 + Level 2.6 Fighting
 * Level 5.1 Polearms
 + Level 5.1 Dodging
 * Level 4.9 Stealth
 + Level 3.0 Spellcasting
 - Level 0.7 Conjurations
 + Level 2.8 Charms
 - Level 5.2 Summonings
 + Level 6.5 Ice Magic


You had one spell level left.
You knew the following spells:

 Your Spells              Type           Power        Failure   Level  Hunger
a - Freeze                Ice            ###.         1%          1    #......
c - Summon Ice Beast      Ice/Summ       ###.....     17%         4    #####..
w - Throw Icicle          Conj/Ice       ##......     50%         4    #####..
x - Ozocubu's Armour      Chrm/Ice       ###.....     12%         3    ###....


Dungeon Overview and Level Annotations

Branches:
Dungeon (7/15)
 Temple: D:4-7

Altars:
Cheibriados
Dithmenos
Okawaru
Qazlal
Ru
Trog
Vehumet
Zin


Message History

Aim: a killer bee (almost dead)
You freeze the killer bee.
You kill the killer bee!
Vehumet accepts your kill.
Your Polearms skill increases to level 5!
Your icy armour starts to melt.
The killer bee misses you.
You completely miss the killer bee.
The killer bee stings you but does no damage.
The killer bee misses you.
You puncture the killer bee!
The killer bee is heavily wounded.
The killer bee stings you but does no damage.
The killer bee closely misses you.
You hit the killer bee.
The killer bee is severely wounded.
The killer bee stings you!
* * * LOW HITPOINT WARNING * * *
The killer bee stings you!
You die...

................y...y
......................
.......................
..............y........
........................
.........)...........##
.....###))#..####.#### .
#<.###y# #.# #..# #@# .#
#.## ### . .## # ##


You could see a killer bee.

Vanquished Creatures
  An orc warrior (D:6)
  A giant frog (D:7)
  4 killer bees (D:7)
  A crimson imp (D:5)
  3 orc wizards
  A centaur zombie (D:6)
  A giant frog zombie (D:5)
  An orc priest (D:7)
  A worker ant (D:5)
  A jelly (D:5)
  3 iguanas
  2 sheep (D:6)
  A hound skeleton (D:5)
  A worker ant zombie (D:6)
  2 gnolls (D:4)
  7 adders
  A shadow imp (D:5)
  An ooze (D:5)
  2 worms
  5 orcs
  6 giant cockroaches
  10 hobgoblins
  6 jackals (D:3)
  11 kobolds
  3 quokkas (D:3)
  4 ball pythons
  8 bats
  A giant newt (D:4)
  13 goblins
  A jackal zombie (D:5)
  14 rats
117 creatures vanquished.

Vanquished Creatures (collateral kills)
  Sigmund (D:6)
  Eustachio (D:4)
  Menkaure (D:5)
  A hungry ghost (D:6)
  An orc warrior (D:7)
  2 centaurs
  A phantom (D:4)
  A hound (D:6)
  An orc wizard (D:5)
  3 worker ants
  5 orcs
  A kobold (D:4)
  A jackal zombie (D:5)
20 creatures vanquished.

Vanquished Creatures (others)
  2 ice beasts
2 creatures vanquished.

Grand Total: 139 creatures vanquished

Notes
Turn   | Place    | Note
--------------------------------------------------------------
     0 | D:1      | xeno23, the Merfolk Ice Elementalist, began the quest for the Orb.
     0 | D:1      | Reached XP level 1. HP: 13/13 MP: 3/3
   302 | D:1      | Reached XP level 2. HP: 16/19 MP: 5/5
   348 | D:1      | Reached skill level 4 in Ice Magic
  1202 | D:2      | Reached XP level 3. HP: 20/24 MP: 4/6
  1641 | D:2      | Found a shadowy altar of Dithmenos.
  2019 | D:2      | Reached skill level 5 in Ice Magic
  2384 | D:3      | Reached XP level 4. HP: 23/30 MP: 7/7
  2390 | D:3      | Learned a level 4 spell: Summon Ice Beast
  2616 | D:3      | Reached skill level 1 in Summonings
  2617 | D:3      | Found a radiant altar of Vehumet.
  2626 | D:3      | Became a worshipper of Vehumet
  2655 | D:3      | Reached XP level 5. HP: 25/35 MP: 2/8
  3780 | D:4      | Learned a level 3 spell: Ozocubu's Armour
  3977 | D:4      | Found a stormy altar of Qazlal.
  4033 | D:4      | Noticed a phantom
  4047 | D:4      | Killed a phantom
  4047 | D:4      | Reached XP level 6. HP: 32/41 MP: 1/9
  4165 | D:4      | Found an iron altar of Okawaru.
  4388 | D:4      | Found a snail-covered altar of Cheibriados.
  4389 | D:4      | Noticed Eustachio
  4405 | D:4      | Killed Eustachio
  4405 | D:4      | Reached skill level 5 in Summonings
  4464 | D:4      | Acquired Vehumet's first power
  4464 | D:4      | Offered knowledge of Sandblast by Vehumet.
  4608 | D:4      | Noticed an orange demon
  4735 | D:4      | Found a sacrificial altar of Ru.
  4819 | D:5      | Entered Level 5 of the Dungeon
  4875 | D:5      | Reached skill level 1 in Polearms
  4875 | D:5      | Reached XP level 7. HP: 38/46 MP: 0/10
  5646 | D:5      | Noticed Menkaure
  5662 | D:5      | Killed Menkaure
  5662 | D:5      | Reached skill level 1 in Fighting
  5662 | D:5      | Reached skill level 1 in Charms
  5989 | D:6      | Noticed a hungry ghost
  5998 | D:6      | Killed a hungry ghost
  5998 | D:6      | Reached skill level 6 in Ice Magic
  5998 | D:6      | Reached XP level 8. HP: 54/54 MP: 4/11
  6311 | D:6      | Found a bloodstained altar of Trog.
  6431 | D:6      | Noticed Sigmund
  6492 | D:6      | Killed Sigmund
  6637 | D:6      | Found a glowing silver altar of Zin.
  6779 | D:6      | Offered knowledge of Magic Dart by Vehumet.
  7077 | D:7      | Learned a level 4 spell: Throw Icicle
  7096 | D:7      | Reached skill level 5 in Dodging
  7112 | D:7      | Reached skill level 5 in Polearms
  7115 | D:7      | Mangled by a killer bee

Action                   |  1- 3 |  4- 6 |  7- 9 || total
-------------------------+-------+-------+-------++-------
Melee: Spear             |    54 |       |       ||    54
       Unarmed           |     6 |       |       ||     6
       Trident           |    61 |   112 |   181 ||   354
 Cast: Freeze            |    17 |    52 |    34 ||   103
       Summon Ice Beast  |       |     5 |     9 ||    14
       Ozocubu's Armour  |       |     1 |    12 ||    13
Evoke: Wand              |       |       |     2 ||     2
  Use: Scroll            |     1 |     5 |     6 ||    12
       Potion            |       |     2 |     2 ||     4
 Stab: Sleeping          |     4 |     4 |     9 ||    17
       Distracted        |       |     2 |     2 ||     4
  Eat: Chunk             |     5 |    11 |    11 ||    27
